 Dungeon Crawl Stone Soup version 0.18.1-50-g88ac8fd (webtiles) character file.

668 Peloso the Covered (level 7, 0/61 HPs)
             Began as a Minotaur Fighter on Sept 26, 2016.
             Was a Follower of Okawaru.
             Slain by an iron imp (2 damage)
             ... summoned by Eustachio
             ... on level 5 of the Dungeon.
             The game lasted 00:09:40 (3621 turns).

Peloso the Covered (Minotaur Fighter)               Turns: 3621, Time: 00:09:47

Health: 0/61       AC: 12    Str: 26      XL:     7   Next: 32%
Magic:  6/6        EV:  6    Int:  5      God:    Okawaru [*.....]
Gold:   248        SH: 10    Dex: 10 (11) Spells: 0 memorised, 6 levels left

rFire  . . .     SeeInvis .     a - +0 long sword
rCold  . . .     Gourm    .     x - +0 plate armour
rNeg   . . .     Faith    .     c - +0 shield
rPois  .         Spirit   .     (helmet restricted)
rElec  .         Dismiss  .     (no cloak)
rCorr  .         Reflect  .     (no gloves)
SustAt .         Harm     .     (no boots)
MR     .....                    (no amulet)
Stlth  ..........               (no ring)
                                (no ring)

@: mighty, not resistant to hostile enchantments, extremely unstealthy
A: retaliatory headbutt, horns 2
a: Heroism, Renounce Religion


You were on level 5 of the Dungeon.
You worshipped Okawaru.
Okawaru was aware of your devotion.
You were not hungry.

You visited 1 branch of the dungeon, and saw 5 of its levels.

You collected 248 gold pieces.

Inventory:

Hand Weapons
 a - a +0 long sword (weapon)
 o - a +3 whip
Armour
 c - a +0 shield (worn)
 x - a +0 plate armour (worn)
Scrolls
 e - 2 scrolls of teleportation
 g - a scroll of random uselessness {unknown}
 i - a scroll of summoning {unknown}
 k - 2 scrolls of amnesia
 m - 4 scrolls of remove curse
 n - a scroll of enchant weapon {unknown}
 p - 2 scrolls of identify
 q - a scroll of fog {unknown}
 y - a scroll of enchant armour {unknown}
Potions
 d - a potion of might
 j - 2 potions of resistance
 l - a potion of cancellation
 w - 2 potions of heal wounds {unknown}
Comestibles
 b - 9 chunks of flesh
 f - 3 bread rations
 t - a beef jerky
 u - a slice of pizza
 v - 2 meat rations
 z - a royal jelly


   Skills:
 + Level 5.4 Fighting
 + Level 4.3 Long Blades
 + Level 6.4 Armour
 + Level 2.9 Dodging
 + Level 5.8 Shields


You had 6 spell levels left.
You didn't know any spells.

Dungeon Overview and Level Annotations

Branches:
Dungeon (5/15)
 Temple: D:4-7

Altars:
Dithmenos
Gozag
Makhleb
Okawaru
Zin

Annotations:
D:5 Eustachio


Innate Abilities, Weirdness & Mutations

You reflexively headbutt those who attack you in melee.
You have a pair of horns on your head.


Message History

You block the bat's attack. The centaur hits you.
* * * LOW HITPOINT WARNING * * *
The quokka barely misses you. The iron imp hits you.
* * * LOW HITPOINT WARNING * * *
The centaur barely misses you. The quasit barely misses you.
You furiously retaliate!
You headbutt the quasit!
You kill the quasit!
You block the worm's attack. The quokka bites you.
* * * LOW HITPOINT WARNING * * *
The white imp gestures at you. The puff of frost misses you.
Eustachio completely misses you.
Drink which item? (? for menu, Esc to quit)
Okay, then.
You barely miss Eustachio. Your headbutt misses Eustachio.
Eustachio is moderately wounded.
You block the centaur's attack. The bat barely misses you.
The quokka bites you but does no damage.
The iron imp spits at you. The iron imp hits you.
You die...

##.. ###..# ##....##
##.)....# # ...5...# .
#...!.# . . #..b@w######
. ...###..r@5...... .
........c$......# ...( .
...........####.###.#...
. .........[.............
. #.#.###.######........
.
#.#.........##.......####
#............#.........
#....................##
#..............####...#


You could see Eustachio, a centaur, a worm, an iron imp, a white imp, a quokka
and a bat.

Vanquished Creatures
  2 ogres
  Blork the orc (D:5)
  A scorpion (D:4)
  A giant frog zombie (D:4)
  An orc wizard (D:5)
  A centaur skeleton (D:4)
  A giant frog skeleton (D:5)
  3 worker ants (D:4)
  A hound skeleton (D:5)
  3 gnolls (D:4)
  A howler monkey skeleton (D:4)
  6 adders
  An ooze (D:1)
  2 adder skeletons
  3 worms
  3 dart slugs
  3 giant geckos
  11 orcs
  6 giant cockroaches
  10 goblins
  A hobgoblin (D:3)
  6 jackals
  5 bats
  2 giant newts (D:5)
  2 kobolds (D:1)
  4 rats
81 creatures vanquished.

Notes
Turn   | Place    | Note
--------------------------------------------------------------
     0 | D:1      | Peloso the Minotaur Fighter began the quest for the Orb.
     0 | D:1      | Reached XP level 1. HP: 19/19 MP: 0/0
    69 | D:1      | Reached skill level 4 in Armour
    69 | D:1      | Reached XP level 2. HP: 27/27 MP: 1/1
   457 | D:1      | Reached XP level 3. HP: 28/33 MP: 2/2
   714 | D:2      | Found a shadowy altar of Dithmenos.
   756 | D:2      | Found an opulent altar of Gozag.
   768 | D:2      | Reached skill level 1 in Dodging
  1224 | D:3      | Reached XP level 4. HP: 40/40 MP: 3/3
  1805 | D:3      | Found a glowing silver altar of Zin.
  1806 | D:3      | Found a burning altar of Makhleb.
  1807 | D:3      | Noticed an angel
  1808 | D:3      | Noticed a cacodemon
  1845 | D:3      | Found an iron altar of Okawaru.
  1859 | D:3      | Became a worshipper of Warmaster Okawaru
  2030 | D:4      | Reached XP level 5. HP: 47/47 MP: 4/4
  2141 | D:4      | Reached skill level 5 in Armour
  2366 | D:4      | Noticed an ogre
  2722 | D:4      | Reached skill level 5 in Shields
  2722 | D:4      | Reached XP level 6. HP: 52/53 MP: 5/5
  2898 | D:4      | Reached * piety under Okawaru
  2898 | D:4      | Reached skill level 5 in Fighting
  3019 | D:5      | Entered Level 5 of the Dungeon
  3019 | D:5      | Noticed Blork the orc
  3152 | D:5      | Killed Blork the orc
  3168 | D:5      | Reached skill level 6 in Armour
  3168 | D:5      | Reached XP level 7. HP: 30/61 MP: 6/6
  3603 | D:5      | Noticed Eustachio
  3620 | D:5      | HP: 3/61 [iron imp[Eustachio] (4)]
  3621 | D:5      | Slain by an iron imp

Skill      XL: |  1  2  3  4  5  6  7 |
---------------+----------------------+-----
Armour         | 4 5 6 |  6.4
Fighting       | 4 5 |  5.4
Shields        | 4 5 |  5.8
Dodging        | 1 2 |  2.9
Long Blades    | 3 4 |  4.3

Action                   |  1- 3 |  4- 6 |  7- 9 || total
-------------------------+-------+-------+-------++-------
Melee: Long sword        |    84 |   203 |    48 ||   335
       Headbutt          |     7 |    33 |     4 ||    44
  Use: Scroll            |       |     9 |       ||     9
       Potion            |       |       |     1 ||     1
  Eat: Chunk             |     1 |     7 |     1 ||     9
Armor: Scale mail        |    42 |    29 |       ||    71
       Plate armour      |       |    70 |    80 ||   150
Dodge: Dodged            |    22 |    47 |    37 ||   106
Block: Shield            |    51 |   107 |    46 ||   204
